 Dungeon Crawl Stone Soup version 0.20.0-15-g7f486f2 (webtiles) character file.

1670 Lilleppy the Cleaver (level 9, -7/78 HPs)
             Began as a Hill Orc Monk on July 3, 2017.
             Was a Priest of Makhleb.
             Killed by divine providence
             ... invoked by an orc priest
              (8 damage)
             ... on level 7 of the Dungeon.
             The game lasted 00:15:39 (4623 turns).

Lilleppy the Cleaver (Hill Orc Monk)                Turns: 4623, Time: 00:15:39

Health: -7/78      AC: 12    Str: 20    XL:     9   Next: 1%
Magic:  10/10      EV:  7    Int: 11    God:    Makhleb [***...]
Gold:   392        SH:  9    Dex: 14    Spells: 8/8 levels left

rFire    . . .     SeeInvis .   a - +1 hand axe
rCold    . . .     Gourm    .   t - +0 shield
rNeg     . . .     Faith    .   k - +0 chain mail
rPois    .         Spirit   .   p - +0 helmet
rElec    .         Reflect  .   (no cloak)
rCorr    .         Harm     .   C - +0 pair of gloves (curse)
MR       .....                  (no boots)
Stlth    ..........             (no amulet)
Regen    0.0/turn               q - +5 ring of strength
MPRegen  0.2/turn               y - ring of stealth

@: flying, hasted, very quick
A: sense surroundings 1, inhibited regeneration
a: Minor Destruction, Lesser Servant of Makhleb, Renounce Religion, Convert to
Beogh


You were on level 7 of the Dungeon.
You worshipped Makhleb.
Makhleb was most pleased with you.
You were not hungry.

You visited 1 branch of the dungeon, and saw 7 of its levels.

You collected 392 gold pieces.

Inventory:

Hand Weapons
 a - a +1 hand axe (weapon)
Armour
 k - a +0 chain mail (worn)
 p - a +0 helmet (worn)
 t - a +0 shield (worn)
 w - the +4 robe of Augmentation {Str+4 Int+4 Dex+4}
   (You found it on level 4 of the Dungeon)

   It affects your strength (+4).
   It affects your intelligence (+4).
   It affects your dexterity (+4).
 B - the +1 robe of Morality {rF+ rC+++ MP+9 Int-2}
   (You found it on level 6 of the Dungeon)

   It affects your intelligence (-2).
   It protects you from fire.
   It renders you almost immune to cold.
   It affects your magic capacity (+9).
 C - a cursed +0 pair of gloves (worn)
Jewellery
 q - a +5 ring of strength (left hand)
 y - a ring of stealth (right hand)
Wands
 g - a wand of flame (38/48)
 n - a wand of polymorph (13/24)
 z - a wand of random effects (9/48)
 D - a wand of lightning (8/15)
Scrolls
 b - 5 scrolls of teleportation {unknown}
 e - 3 scrolls of remove curse
 h - 6 scrolls of identify
 l - 2 scrolls of magic mapping
 m - 3 scrolls of recharging {unknown}
 r - 2 scrolls of enchant weapon
Potions
 d - 3 potions of lignification
 j - 2 potions of brilliance
 o - 2 potions of curing
 u - a potion of haste
 v - a potion of flight
Books
 A - a Young Poisoner's Handbook

   Spells                             Type                      Level
   a - Sting                          Conjuration/Poison           1
   b - Poisonous Vapours              Poison/Air                   2
   c - Mephitic Cloud                 Conjuration/Poison/Air       3
   d - Olgreb's Toxic Radiance        Poison                       4
   e - Venom Bolt                     Conjuration/Poison           5
Comestibles
 c - 2 bread rations
 f - 5 royal jellies
 i - 8 meat rations
 s - 7 fruits


   Skills:
 + Level 6.4 Fighting
 + Level 10.2 Axes
 + Level 5.2 Armour
 + Level 3.0 Dodging
 + Level 1.7 Stealth
 + Level 4.0 Shields
 + Level 2.2 Invocations


You had 8 spell levels left.
You didn't know any spells.

Dungeon Overview and Level Annotations

Branches:
Dungeon (7/15)
 Temple: D:4-7

Altars:
Elyvilon
Makhleb
Nemelex Xobeh
Trog
Yredelemnul

Shops:
D:5 }


Innate Abilities, Weirdness & Mutations

You passively map a small area around you.
You do not regenerate when monsters are visible.


Message History

It was a potion of curing.
You feel better.
It was a potion of haste.
You feel yourself speed up.
It was a potion of flight.
You feel very buoyant.
You fly up into the air.
It was a potion of mutation.
You feel extremely strange.
You feel yourself wasting away.
Your feet thicken and deform.
Your thoughts seem clearer.
You block the orc priest's attack.
You feel extremely strange.
Your hooves expand and flesh out into feet!
Your thinking seems confused.
You feel healthier.
Your regeneration stops near monsters.
You feel a strange attunement to the structure of the dungeons.
The orc priest calls down the wrath of Beogh upon you.
Beogh smites you!
* * * LOW HITPOINT WARNING * * *
The orc priest calls down the wrath of Beogh upon you.
Beogh smites you!
You die...

..............# #.#.#.##.#.#
..........)....# #.#.#.##.#.#
.......).......# #.#.#....#.#
%..............#####.#.######.#
.........)o..oo#...#.#......#..
...........###o#...#.####.....#
......o..o...#o#...#.# #.#.#.#
....o........#o#...#.# #...#.#
......o.....##@#.....# ######.#
,..o...?.....##.#.#####
#......# ............##.#...#
#.######
...........###.#.#######.#
...........# #.#.......#.#
...........# #.#######.#.#####
...........# #.. , #.#.....# ,
..........># #.# #.#####.#
...........# #.# #.#


You could see 4 orc priests and an orc.

Vanquished Creatures
  A hippogriff (D:4)
  Sigmund (D:5)
  Menkaure (D:5)
  Duvessa (D:5)
  A sky beast (D:7)
  2 phantoms (D:4)
  A bullfrog (D:3)
  Dowan (D:5)
  A scorpion (D:5)
  A crimson imp (D:6)
  2 hounds
  Jessica (D:2)
  5 orc wizards (D:6)
  Natasha (twice) (D:3)
  An iguana (D:5)
  3 worker ants
  2 hound zombies (D:6)
  2 hound skeletons
  12 adders
  A shadow imp (D:6)
  An ooze (D:3)
  5 worms
  A leopard gecko (D:4)
  10 orcs
  4 bats
  3 giant cockroaches
  7 hobgoblins
  14 jackals
  2 quokkas (D:3)
  4 frilled lizards
  5 goblins
  12 kobolds
  11 rats
121 creatures vanquished.

Vanquished Creatures (others)
  A leopard gecko skeleton (D:5)
1 creature vanquished.

Grand Total: 122 creatures vanquished

Notes
Turn   | Place    | Note
-------+----------+-------------------------------------------
     0 | D:1      | Lilleppy the Hill Orc Monk began the quest for the Orb.
     0 | D:1      | Reached XP level 1. HP: 19/19 MP: 1/1
   343 | D:1      | Reached XP level 2. HP: 26/27 MP: 2/2
   786 | D:2      | Reached XP level 3. HP: 32/33 MP: 3/3
   788 | D:2      | Noticed Jessica
   811 | D:2      | Killed Jessica
   811 | D:2      | Reached skill level 1 in Armour
   899 | D:2      | Found a bloodstained altar of Trog.
   928 | D:2      | Reached skill level 5 in Axes
   938 | D:2      | Reached XP level 4. HP: 30/40 MP: 4/4
  1073 | D:2      | Found a burning altar of Makhleb.
  1073 | D:2      | Found a sparkling altar of Nemelex Xobeh.
  1140 | D:2      | Became a worshipper of Makhleb the Destroyer
  1140 | D:2      | Reached * piety under Makhleb
  1140 | D:2      | Reached ** piety under Makhleb
  1272 | D:3      | Noticed Natasha
  1280 | D:3      | Killed Natasha
  1308 | D:3      | Reached XP level 5. HP: 7/47 MP: 5/5
  1957 | D:3      | Reached skill level 6 in Axes
  1966 | D:3      | Reached XP level 6. HP: 45/53 MP: 6/6
  2002 | D:3      | Noticed Natasha
  2015 | D:3      | Killed Natasha
  2314 | D:4      | Noticed a hippogriff
  2329 | D:4      | Killed a hippogriff
  2329 | D:4      | Reached skill level 5 in Fighting
  2329 | D:4      | Reached skill level 7 in Axes
  2329 | D:4      | Reached skill level 1 in Shields
  2329 | D:4      | Reached skill level 1 in Invocations
  2329 | D:4      | Reached XP level 7. HP: 58/61 MP: 7/7
  2629 | D:4      | Reached skill level 8 in Axes
  2804 | D:5      | Entered Level 5 of the Dungeon
  2837 | D:5      | Found a basalt altar of Yredelemnul.
  2887 | D:5      | Noticed Sigmund
  2895 | D:5      | Noticed Menkaure
  2903 | D:5      | Killed Sigmund
  2903 | D:5      | Reached XP level 8. HP: 47/70 MP: 8/8
  2908 | D:5      | Reached *** piety under Makhleb
  2908 | D:5      | Reached skill level 9 in Axes
  2914 | D:5      | Killed Menkaure
  2928 | D:5      | Noticed Duvessa
  2929 | D:5      | Noticed Dowan
  2977 | D:5      | Killed Duvessa
  2982 | D:5      | Killed Dowan
  3103 | D:5      | Found a sparkling altar of Nemelex Xobeh.
  3197 | D:5      | Found Esyxyi's Gadget Boutique.
  3381 | D:5      | Found a white marble altar of Elyvilon.
  3704 | D:6      | Got a heavy robe
  3705 | D:6      | Identified the +1 robe of Morality {rF+ rC+++ MP+9 Int-2} (You found it on level 6 of the Dungeon)
  3933 | D:6      | Reached skill level 10 in Axes
  4138 | D:6      | Reached skill level 5 in Armour
  4567 | D:7      | Reached XP level 9. HP: 35/78 MP: 10/10
  4622 | D:7      | Gained mutation: Your body sometimes deteriorates upon taking damage. [potion of mutation]
  4622 | D:7      | Gained mutation: You have large cloven feet. [potion of mutation]
  4622 | D:7      | Gained mutation: You possess an exceptional clarity of mind. [potion of mutation]
  4623 | D:7      | Lost mutation: You have large cloven feet. [potion of mutation]
  4623 | D:7      | Lost mutation: You possess an exceptional clarity of mind. [potion of mutation]
  4623 | D:7      | Lost mutation: Your body sometimes deteriorates upon taking damage. [potion of mutation]
  4623 | D:7      | Gained mutation: You do not regenerate when monsters are visible. [potion of mutation]
  4623 | D:7      | Gained mutation: You passively map a small area around you. [potion of mutation]
  4623 | D:7      | HP: 1/78 [orc priest/divine providence (13)]
  4623 | D:7      | Killed from afar by an orc priest

Skill      XL: |  1  2  3  4  5  6  7  8 |
---------------+-------------------------+-----
Fighting       | 4 5 6 |  6.4
Armour         | 1 2 3 4 5 |  5.2
Axes           | 5 6 7 8 10 | 10.2
Shields        | 1 2 4 |  4.0
Invocations    | 1 2 |  2.2
Dodging        | 3 |  3.0
Stealth        | |  1.7

Action                   |  1- 3 |  4- 6 |  7- 9 || total
-------------------------+-------+-------+-------++-------
Melee: Hand axe          |    88 |   215 |   298 ||   601
       Unarmed           |     5 |       |       ||     5
Invok: Minor Destruction |       |     4 |     5 ||     9
  Use: Scroll            |     1 |     4 |     2 ||     7
       Potion            |       |       |    10 ||    10
  Eat: Chunk             |       |     2 |     2 ||     4
       Bread ration      |       |     1 |     1 ||     2
Armor: Chain mail        |    67 |   154 |   107 ||   328
       Skin              |       |       |     6 ||     6
Dodge: Dodged            |    51 |   107 |    46 ||   204
Block: Shield            |       |    26 |   107 ||   133
